 Dungeon Crawl Stone Soup version 0.25-a0-635-g0c6c292 (webtiles) character file.

Game seed: 9616526016211080371, levelgen mode: deterministic

1115 robertstho the Skirmisher (level 8, -1/71 HPs)
             Began as a Yellow Draconian Berserker on Mar 20, 2020.
             Was an Elder of Trog.
             Slain by a wight
             ... wielding a +0 halberd
              (12 damage)
             ... on level 4 of the Dungeon.
             The game lasted 00:08:53 (4506 turns).

robertstho the Skirmisher (DrBe)                    Turns: 4506, Time: 00:08:54

Health: -1/71      AC:  8    Str: 22    XL:     8   Next: 12%
Magic:  8/8        EV: 14    Int:  7    God:    Trog [****..]
Gold:   164        SH:  0    Dex: 11    Spells: 7/7 levels left

rFire    + . .     SeeInvis .   f - +1 spear (vorpal)
rCold    . . .     Gourm    .   (no shield)
rNeg     . . .     Faith    .   (armour unavailable)
rPois    .         Spirit   .   (helmet restricted)
rElec    .         Reflect  .   (no cloak)
rCorr    +         Harm     .   v - +0 pair of gloves
MR       .....                  w - +0 pair of boots
Stlth    ++........             (no amulet)
HPRegen  0.21/turn              e - ring of protection from fire
MPRegen  0.11/turn              (no ring)

@: berserk cooldown, slowed, lightly drained, very slow
A: spit acid, unfitting armour, cold-blooded, acid resistance, AC +6
a: Breathe Acid, Berserk, Trog's Hand, Brothers in Arms, Renounce Religion


You were on level 4 of the Dungeon.
You worshipped Trog.
Trog was greatly pleased with you.
You were very hungry.

You visited 1 branch of the dungeon, and saw 4 of its levels.

You collected 164 gold pieces.

Inventory:

Hand Weapons
 a - a +0 hand axe
 f - a +1 vorpal spear (weapon)
Armour
 v - a +0 pair of gloves (worn)
 w - a +0 pair of boots (worn)
Jewellery
 e - a ring of protection from fire (left hand)
 i - an uncursed amulet of the acrobat {unknown}
 z - an uncursed ring of protection from fire
Wands
 y - a wand of random effects (8)
 A - a wand of disintegration (19)
Scrolls
 h - 3 scrolls of enchant armour {unknown}
 k - 6 scrolls of remove curse
 m - 2 scrolls of amnesia {unknown}
 o - a scroll of teleportation {unknown}
 p - 2 scrolls of enchant weapon {unknown}
 q - a scroll of fear {unknown}
 s - a scroll of immolation {unknown}
 t - 3 scrolls of identify {unknown}
Potions
 c - a potion of lignification {unknown}
 d - a potion of magic {unknown}
 g - 2 potions of mutation {unknown}
 j - a potion of heal wounds {unknown}
 n - a potion of might {unknown}
 r - 3 potions of stabbing {unknown}
 u - 3 potions of curing {unknown}
 x - a potion of cancellation {unknown}
Comestibles
 b - 8 rations
 l - a chunk of flesh


   Skills:
 * Level 6.3(6.1) Fighting
 + Level 3.3(4.6) Axes
 + Level 5.4(5.7) Polearms
 * Level 5.5(5.3) Dodging
 + Level 1.8(1.6) Stealth


You had 7 spell levels left.
You didn't know any spells.
Your spell library was empty.

Dungeon Overview and Level Annotations

Branches:
Dungeon (4/15)
 Temple: D:4-7

Altars:
Makhleb
Okawaru
The Shining One


Innate Abilities, Weirdness & Mutations

You can spit globs of acid.
Your golden yellow scales are hard. (AC +6)
You cannot fit into any form of body armour.
You are cold-blooded and may be slowed by cold attacks.
You are resistant to acid. (rCorr)


Message History

Trog accepts your kill.
A wight comes into view. It is wielding a +5 short sword.
A wight comes into view. It is wielding a +0 halberd.
You are no longer berserk.
You are exhausted.
You feel yourself slow down. The wight barely misses you.
The wight closely misses you.
Things that are here:
a cursed +3 great sword; a +0 robe
Okay, then.
The wight hits you but does no damage.
Items here: )) [[ a +3 dagger; a +0 robe; a +2 mace of freezing; a +0 robe The wight hits you with a +5 short sword.
* * * LOW HITPOINT WARNING * * *
You fail to use your ability.
The wight hits you with a +5 short sword!
* * * LOW HITPOINT WARNING * * *
The wight hits you from afar with a +0 halberd!
You die...

.# ##'## .# ##...## # .#
##.....## #.#####.##
##.......#
..#........####.........
..............+.........
#z...# #......... #z#.##
##.......# #@#####
##.....## #.....#
##...## #.###.# ##'###
#...#.# #.#.## #.#.#.#
#.....
#.....#######.#.##
###.###.........#
#.###.###.....#
#.............#


You could see 2 wights.

Vanquished Creatures
  A hungry ghost (D:4)
  An ogre (D:4)
  3 wights (D:4)
  6 gnoll shamans (D:4)
  2 hounds
  An orc priest (D:3)
  2 orc wizards (D:3)
  Terence (D:3)
  29 gnolls
  3 adders (D:2)
  2 oozes (D:1)
  2 worms
  3 dart slugs (D:1)
  A leopard gecko (D:1)
  6 orcs
  12 giant cockroaches (D:2)
  5 goblins (D:1)
  5 hobgoblins
  21 jackals
  2 quokkas (D:2)
  5 bats
  3 frilled lizards
  9 kobolds
  8 rats
133 creatures vanquished.

Notes
Turn   | Place    | Note
-------+----------+-------------------------------------------
     0 | D:1      | robertstho the Draconian Berserker began the quest for the
                  | Orb.
     0 | D:1      | Reached XP level 1. HP: 19/19 MP: 1/1
    25 | D:1      | Reached XP level 2. HP: 18/27 MP: 2/2
   450 | D:1      | Reached XP level 3. HP: 32/33 MP: 3/3
   623 | D:1      | Reached skill level 4 in Fighting
  1288 | D:2      | Reached ** piety under Trog
  1289 | D:2      | Found a glowing golden altar of the Shining One.
  1406 | D:2      | Reached XP level 4. HP: 39/41 MP: 4/4
  1947 | D:2      | Found an iron altar of Okawaru.
  1953 | D:2      | Reached skill level 1 in Polearms
  2132 | D:2      | Reached XP level 5. HP: 41/47 MP: 5/5
  2262 | D:3      | Reached *** piety under Trog
  2743 | D:3      | Found a burning altar of Makhleb.
  2749 | D:3      | Reached skill level 5 in Fighting
  2749 | D:3      | Reached XP level 6. HP: 56/56 MP: 6/6
  2905 | D:3      | Noticed Terence
  2910 | D:3      | Killed Terence
  3263 | D:4      | Noticed a hungry ghost
  3286 | D:4      | Killed a hungry ghost
  3286 | D:4      | Reached skill level 1 in Stealth
  3412 | D:4      | Your scales start taking on a golden yellow colour.
  3412 | D:4      | Reached XP level 7. HP: 23/61 MP: 7/7
  3412 | D:4      | Gained mutation: You are resistant to acid. (rCorr) [Yellow
                  | Draconian growth]
  3610 | D:4      | Reached skill level 5 in Dodging
  3913 | D:4      | Reached **** piety under Trog
  3927 | D:4      | Reached skill level 6 in Fighting
  4069 | D:4      | Reached skill level 5 in Polearms
  4496 | D:4      | Reached XP level 8. HP: 25/70 MP: 8/8
  4506 | D:4      | Slain by a wight

Levels and vault maps discovered:
D:1:      mrwooster_arrival_statue_3, layout_basic, serial_forest,
          infiniplex_forest_clump_curved, infiniplex_forest_lined_2,
          infiniplex_forest_lined_3, infiniplex_forest_clump_long,
          infiniplex_forest_clump_double, infiniplex_forest_clump_small,
          infiniplex_forest_corner_2
D:2:      minmay_roachtagon, layout_basic, tso_metal_star,
          okawaru_altar_gauntlet_db
D:3:      layout_loops_corners, nicolae_overflow_hidden_temple, first_ration,
          makhleb_blood_cavern_becter, uniq_terence
D:4:      lemuel_castle_with_subvaults [lemuel_castle_interior_carwin_2],
          layout_loops_corners, overflow_temple_1_default, kennysheep_mini_moat,
          lemuel_doored_altar, minmay_mini_ossuary

Skill      XL: |  1  2  3  4  5  6  7 |
---------------+----------------------+-----
Dodging        | 3 4 5 |  5.5
Fighting       | 4 5 6 |  6.3
Polearms       | 1 2 4 5 |  5.4
Stealth        | 1 |  1.8
Axes           | |  3.3

Action                   |  1- 3 |  4- 6 |  7- 9 || total
-------------------------+-------+-------+-------++-------
Melee: Hand axe          |    19 |       |       ||    19
       Tailslap          |    10 |    20 |    18 ||    48
       Spear             |    76 |   206 |   162 ||   444
Invok: Berserk           |     2 |     2 |     4 ||     8
       Trog's Hand       |       |       |     4 ||     4
 Abil: Breathe Acid      |       |       |     4 ||     4
  Use: Scroll            |       |       |     1 ||     1
 Stab: Sleeping          |     2 |     1 |       ||     3
  Eat: Chunk             |     3 |     9 |     8 ||    20
       Ration            |       |     2 |       ||     2
Armor: Skin              |    24 |    44 |    24 ||    92
Dodge: Dodged            |    42 |   111 |   103 ||   256

Table legend:
 A = Non-vault XP
 B = Vault XP
 C = Vault XP percentage of total XP
 D = Non-vault monster count
 E = Vault monster count
 F = Vault count percentage of total count
                 A         B        C        D         E       F
            +---------+---------+-------+---------+---------+-------
      Total |     685 |     909 |  57.0 |      64 |      69 |  51.9
            +---------+---------+-------+---------+---------+-------
        D:1 |      65 |       0 |   0.0 |      22 |       0 |   0.0
        D:2 |      72 |      60 |  45.5 |      20 |      17 |  45.9
        D:3 |     155 |      79 |  33.8 |      17 |       2 |  10.5
        D:4 |     393 |     770 |  66.2 |       5 |      50 |  90.9
            +---------+---------+-------+---------+---------+-------
